 Dungeon Crawl Stone Soup version 0.31-a0-702-gf82c85558f (webtiles) character file.

Game seed: 17931457667048810919

194915 gruber the Scorcher (level 17, -2/146 HPs)
             Began as a Red Draconian Conjurer on Sept 8, 2023.
             Was the Champion of Vehumet.
             Slain by a spriggan rider
             ... wielding a +0 spear
              (26 damage)
             ... on level 1 of the Swamp on Sept 10, 2023.
             The game lasted 01:22:21 (37453 turns).

gruber the Scorcher (Red Draconian Conjurer)       Turns: 37453, Time: 01:22:22

Health: -2/146     AC: 12    Str: 10    XL:     17   Next: 69%
Magic:  5/34       EV: 14    Int: 32    God:    Vehumet [******]
Gold:   2741       SH: 12    Dex: 13    Spells: 1/42 levels left

rFire   + + .        u - staff "Xeggees" {rElec rF+ Fire}
rCold   + . .        G - +1 kite shield {rC+}
rNeg    . . .        (body armour unavailable)
rPois   +            M - +1 hat {Stlth+}
rElec   +            l - scarf {repulsion}
rCorr   .            X - +0 pair of gloves of Luero {Dex+3}
SInv    .            C - +0 pair of boots
Will    +....        a - amulet of magic regeneration
Stlth   +++          i - +6 ring of intelligence
HPRegen 0.44/turn    b - ring of poison resistance
MPRegen 0.64/turn

%: repel missiles
@: very slightly contaminated
A: breathe fire, AC +9, unfitting armour, fire resistance 1, cold-blooded
}: 1/15 runes: serpentine
a: Breathe Fire, Renounce Religion


You were on level 1 of the Swamp.
You worshipped Vehumet.
Vehumet was exalted by your worship.
You visited 6 branches of the dungeon, and saw 28 of its levels.
You also visited: Gauntlet.

You collected 2741 gold pieces.

Inventory:

Missiles
 x - 3 silver javelins
 z - 3 throwing nets
 S - 7 curare-tipped darts
Armour
 l - a scarf of repulsion (worn)
 C - a +0 pair of boots (worn)
 G - a +1 kite shield of cold resistance (worn)
 M - a +1 hat of stealth (worn)
 X - the +0 pair of gloves of Luero (worn) {Dex+3}
   (You found it in a Gauntlet)

   Dex+3:     It affects your dexterity (+3).
Magical Staves
 u - the staff "Xeggees" (weapon) {rElec rF+ Fire}
   (You found it on level 5 of the Lair of Beasts)

   [staff of fire]

   Base accuracy: +5 Base damage: 5 Base attack delay: 1.2 This weapon's minimum
   attack delay (0.6) is reached at skill level 12.
   rF+:       It protects you from fire.
   rElec:     It insulates you from electricity.
   Fire:      It increases the power of your Fire spells.
   It falls into the 'Staves' category.
   It is a one-handed weapon.
Jewellery
 a - an amulet of magic regeneration (around neck)
 b - a ring of poison resistance (right hand)
 i - a +6 ring of intelligence (left hand)
 j - a ring of protection from cold
 v - a ring of see invisible
 w - an amulet of guardian spirit
 F - a ring of flight
 V - a ring of positive energy
Wands
 e - a wand of flame (32)
 B - a wand of digging (10)
 H - a wand of polymorph (4)
 I - a wand of iceblast (13)
 O - a wand of paralysis (12)
 R - a wand of light (12)
Scrolls
 k - 11 scrolls of teleportation
 p - 4 scrolls of poison
 r - 4 scrolls of blinking
 s - 8 scrolls of fear {unknown}
 t - 6 scrolls of immolation
 y - 9 scrolls of noise {unknown}
 A - 3 scrolls of silence
 E - 2 scrolls of brand weapon
 K - a scroll of identify
 N - 5 scrolls of revelation
 P - 5 scrolls of fog
Potions
 c - a potion of enlightenment
 d - 4 potions of lignification
 f - 7 potions of brilliance
 g - 2 potions of magic
 h - 3 potions of heal wounds
 m - 3 potions of invisibility
 n - 13 potions of curing
 o - a potion of attraction
 q - a potion of mutation
 D - a potion of ambrosia
 J - 2 potions of berserk rage
 L - 2 potions of resistance
 Q - 3 potions of might
 W - 2 potions of haste
Miscellaneous
 Y - a box of beasts
 Z - a phial of floods


   Skills:
 - Level 12.1 Fighting
 - Level 8.2 Staves
 - Level 8.4 Dodging
 - Level 1.7 Stealth
 - Level 10.1 Shields
 - Level 13.2 Spellcasting
 - Level 15.3 Conjurations
 - Level 7.5 Summonings
 * Level 17.3 Fire Magic
 - Level 8.0 Air Magic


You had one spell level left.
You knew the following spells:

 Your Spells              Type           Power      Damage    Failure   Level
a - Magic Dart            Conj           100%       1d8       0%          1
b - Searing Ray           Conj           100%       2d8       0%          2
c - Iskenderun's Mystic   Conj/Tloc      63%        2d13      1%          4
d - Flame Wave            Conj/Fire      100%       2d21      1%          4
e - Sticky Flame          Conj/Fire      100%       2d11      1%          4
f - Plasma Beam           Fire/Air       50%        2x1d65    1%          6
g - Iskenderun's Battles  Conj           87%        2d13      1%          5
h - Spellforged Servitor  Conj/Summ      38%        N/A       13%         7
i - Ignition              Fire           57%        3d16      9%          8

Your spell library contained the following spells:

 Spells                   Type           Power      Damage    Failure   Level
 Fire Storm               Conj/Fire      56%        8d14      86%         9
 Maxwell's Capacitive Co  Air            32%        ∞         97%         8
 Scorch                   Fire           100%       2d9       0%          2
 Momentum Strike          Conj/Tloc      100%       3d10      1%          2
 Poisonous Vapours        Pois/Air       92%        N/A       1%          2
 Dazzling Flash           Conj/Hex       100%       N/A       1%          3
 Mephitic Cloud           Conj/Pois/Air  63%        N/A       1%          3
 Swiftness                Air            64%        N/A       1%          3
 Volatile Blastmotes      Fire/Tloc      100%       2d18      1%          3
 Fulminant Prism          Conj/Hex       31%        3d16      1%          4
 Summon Lightning Spire   Summ/Air       63%        N/A       2%          4
 Freezing Cloud           Conj/Ice/Air   31%        6-21      2%          5
 Irradiate                Conj/Tmut      31%        3d22      2%          5
 Blink                    Tloc           42%        N/A       10%         2
 Ensorcelled Hibernation  Hex/Ice        42%        N/A       10%         2
 Lesser Beckoning         Tloc           42%        N/A       10%         2
 Passwall                 Tmut/Erth      17%        N/A       10%         2
 Sublimation of Blood     Necr           21%        N/A       10%         2
 Gell's Gravitas          Tloc           21%        N/A       19%         3
 Ozocubu's Armour         Ice            21%        N/A       19%         3
 Teleport Other           Tloc           21%        N/A       19%         3
 Silence                  Hex/Air        23%        N/A       34%         5
 Lee's Rapid Deconstruct  Erth           10%        3d8*      41%         5
 Summon Cactus Giant      Summ           31%        N/A       41%         6
 Manifold Assault         Tloc           21%        N/A       54%         4
 Petrify                  Tmut/Erth      21%        N/A       54%         4
 Agony                    Necr           21%        N/A       87%         5
 Alistair's Intoxication  Tmut/Pois      14%        N/A       87%         5
 Borgnjor's Vile Clutch   Necr/Erth      10%        N/A       87%         5
 Metabolic Englaciation   Hex/Ice        10%        N/A       87%         5
 Eringya's Noxious Bog    Tmut/Pois      10%        4d6       90%         6
 Dispersal                Tloc           10%        N/A       100%        6
 Simulacrum               Ice/Necr       10%        N/A       100%        6
 Ozocubu's Refrigeration  Ice            10%        4d9       100%        7
 Polar Vortex             Ice            10%        12d1*     100%        9
 Animate Armour           Summ/Erth      Unusable   N/A       N/A         4

Dungeon Overview and Level Annotations

Branches:
Dungeon (15/15)            Temple (1/1) D:7            Lair (5/5) D:9
  Swamp (1/4) Lair:3        Snake (4/4) Lair:2        Slime (0/5) Lair:4
    Orc (2/2) D:10            Elf (0/3) Orc:2        Vaults (0/5) D:13
 Depths (0/4) D:15        Gauntlet (visited)

Altars:
Ashenzari
Cheibriados
Dithmenos
Elyvilon
Fedhas
Gozag
Hepliaklqana
Kikubaaqudgha
Makhleb
Nemelex Xobeh
Okawaru
Qazlal
Ru
Sif Muna
Trog
Uskayaw
Vehumet
Wu Jian
Xom
Yredelemnul
Zin
The Shining One

Shops:
D:6 !   D:7 (   D:10 *   D:15 *   Orc:2 !(*(   Snake:1 :(?   Snake:2 !*[
Snake:4 *

Portals:
Trove: D:13 (lose all piety)

Annotations:
D:3 1 runed translucent door, Notanamesir's ghost, weakling DsGl
D:9 3 runed translucent doors
Swamp:1 3 runed translucent doors, Foxy's ghost, adept GrFi; Zoigrime's ghost, adept FoFi; popps's ghost, adept MiBe; xzight's ghost, adept MiBe
Snake:3 Roxanne
Orc:1 1 runed translucent door, Uzxa Qoas's ghost, journeyman DEEE


Innate Abilities, Weirdness & Mutations

You can breathe blasts of fire.
Your fiery red scales are hard. (AC +9)
You cannot fit into any form of body armour.
Your flesh is heat resistant. (rF+)
You are cold-blooded and may be slowed by cold attacks.


Message History

The foxfire hits you. You resist.
The spriggan rider hits you from afar with a +0 spear!
The spriggan rider barely misses you. The foxfire hits you! You resist.
* * * LOW HITPOINT WARNING * * *
Your magical contamination has completely faded away.
Unknown command.
Unknown command.
Casting: Iskenderun's Mystic Blast (mildly dangerous; 1% risk of failure)
Confirm with . or Enter, or press ? or * to list all spells.
Casting: Ignition (dangerous; 9% risk of failure)
Press: ? - help, Dir - look around, f - activate You feel a surge of power!
You miscast Ignition.
You are very lightly contaminated with residual magic.
Fire whirls out from your hands. You resist.
* * * LOW HITPOINT WARNING * * *
A goliath frog comes into view.
The spriggan rider closely misses you. x2
Unknown command.
Unknown command.
You feel much better. The goliath frog hits you from afar!
* * * LOW HITPOINT WARNING * * *
You are splashed with acid!
* * * LOW HITPOINT WARNING * * *
The spriggan rider hits you from afar with a +0 spear.
* * * LOW HITPOINT WARNING * * *
The spriggan rider throws a curare-tipped dart.
The curare-tipped dart completely misses you.
The goliath frog misses you.
Unknown command.
Unknown command.
Blink to where?
Press: ? - help, Dir - move target Splash!
You fall into the shallow water.
Moving in this stuff is going to be slow.
As you read the scroll of blinking, it crumbles to dust.
The spriggan rider throws a curare-tipped dart.
The curare-tipped dart closely misses you.
The spriggan rider hits you from afar with a +0 spear!!
You die...

♣♣ ..♣♣ ♣~.♣♣ ♣......♣♣ .♣♣♣
♣.~~♣ ♣~..♣ ♣...~~~.♣
....♣♣..)♣♣♣♣.~♣♣♣..<.~~>♣
§~..♣~..~♣ ♣♣.~♣♣~...~♣♣♣
######~..~~~.♣♣♣....~~....♣♣♣
#.)8W#§F.§~~.♣♣~...)..~..~..♣
8...W#.§.~~~.♣~.~~......~♣~.♣
....W#.†.v~~.♣.~~~§.....~♣♣♣♣
....W+.i~...~♣@~~~~~~♣♣♣♣♣
.....+...i~.i~~≈÷~..†♣
.....+...~~♣♣♣~≈~~~.~♣
.....#$.~~§~♣♣♣≈≈♣♣§♣♣
8....#?.~~~~♣♣≈≈≈≈≈~~♣♣♣
#)=8(#~~~~~♣♣♣≈≈≈♣♣....♣♣
######~....~♣♣♣≈♣♣♣.~~.~♣
.~.....~♣♣♣♣ ♣.~~~♣♣
?[...~..~~ ♣♣~~~♣


You could see 2 spriggan riders.

Vanquished Creatures
  Vashnia (Snake:4)
  Mlioglotl (Snake:4)
  Gastronok (Lair:1)
  9 nagarajas
  An ironbound preserver (D:13)
  Nessos (D:13)
  A minotaur (Gauntlet)
  Snorg (D:13)
  Josephine (D:13)
  Erolcha (D:9)
  A salamander tyrant (Snake:4)
  A vault guard (D:13)
  A ghost crab (Swamp:1)
  A catoblepas (Lair:3)
  8 hydras
  3 alligators (Swamp:1)
  2 two-headed ogres (D:11)
  22 anacondas
  4 centaur warriors
  3 boulder beetles
  20 naga warriors
  15 naga sharpshooters
  5 death yaks
  5 tengu warriors
  10 shock serpents
  A thrashing horror (Gauntlet)
  2 orc high priests (Orc:2)
  Sonja (D:13)
  Urug (D:11)
  Nergalle (D:11)
  Amaemon (D:9)
  4 skysharks
  2 salamander mystics
  A sea snake (Snake:1)
  A wizard (D:14)
  A swamp dragon (Swamp:1)
  An orange crystal statue (Gauntlet)
  A lindwurm (Lair:1)
  2 necromancers (D:15)
  4 deep elf pyromancers
  An orc knight (D:15)
  9 naga ritualists
  A mana viper (shapeshifter) (D:14)
  10 ugly things
  8 orc sorcerers
  3 manticores
  12 mana vipers
  A will-o-the-wisp (Swamp:1)
  7 salamanders
  9 cyclopes
  9 elephants
  7 guardian serpents
  A gargoyle (D:13)
  41 black mambas
  Joseph (D:9)
  3 torpor snails
  A smoke demon (D:10)
  12 cane toads
  11 naga magi
  An orange demon (D:9)
  15 komodo dragons
  Psyche (D:8)
  A freezing wraith (D:15)
  14 trolls
  3 tengu conjurers
  4 meliai
  A red devil (D:10)
  A tyrant leech (Swamp:1)
  6 hornets
  A hellwing (D:10)
  8 polar bears
  Prince Ribbit (D:6)
  10 blink frogs
  6 dream sheep (Lair:4)
  10 spriggans (Lair:5)
  10 wyverns
  5 slime creatures
  4 shadows
  Sigmund (D:2)
  A vampire (D:12)
  11 wraiths
  35 yaks
  A basilisk (D:9)
  Eustachio (D:6)
  A human (shapeshifter) (D:13)
  11 vampire mosquitoes
  3 small abominations (Gauntlet)
  6 wargs (Orc:2)
  33 nagas
  36 water moccasins
  An acid dragon (D:10)
  4 swamp drakes
  3 black bears
  An ice beast (D:8)
  16 orc warriors
  A sky beast (D:7)
  9 ogres
  32 wolves
  4 centaurs
  5 boggarts (Lair:5)
  3 kobold brigands
  12 bullfrogs
  4 gnoll sergeants
  4 scorpions
  A wight (D:9)
  10 killer bees
  11 electric eels
  4 howler monkeys
  9 orc priests
  A hound (D:4)
  2 gnoll boudas (D:6)
  18 hell rats
  A sleepcap (D:5)
  5 iguanas
  39 orc wizards
  19 adders
  24 gnolls
  11 river rats (Lair:2)
  A worm (D:2)
  5 dart slugs
  74 orcs
  5 ball pythons
  4 endoplasms
  3 giant cockroaches
  14 goblins
  14 hobgoblins
  8 jackals
  8 quokkas
  4 bats
  3 frilled lizards
  28 kobolds
  19 rats
976 creatures vanquished.

Vanquished Creatures (others)
  6 foxfires (Swamp:1)
6 creatures vanquished.

Grand Total: 982 creatures vanquished

Notes
Turn   | Place    | Note
-------+----------+-------------------------------------------
     0 | D:1      | gruber the Draconian Conjurer began the quest for the Orb.
     0 | D:1      | Reached XP level 1. HP: 14/14 MP: 3/3
   366 | D:1      | Reached XP level 2. HP: 16/20 MP: 0/5
   645 | D:1      | Found a faded altar of an unknown god.
   645 | D:1      | Noticed a red devil
  1258 | D:1      | Reached skill level 5 in Conjurations
  1295 | D:1      | Learned a level 2 spell: Searing Ray
  1340 | D:2      | Reached XP level 3. HP: 26/26 MP: 3/6
  1600 | D:2      | Noticed Sigmund
  1606 | D:2      | Killed Sigmund
  1607 | D:2      | Reached XP level 4. HP: 33/33 MP: 0/7
  1607 | D:2      | Reached XP level 5. HP: 38/38 MP: 0/8
  2210 | D:3      | Found a runed translucent door.
  2210 | D:3      | Noticed Notanamesir's ghost (weakling DsGl)
  2313 | D:3      | Found a white marble altar of Elyvilon.
  2462 | D:3      | Found an opulent altar of Gozag.
  3173 | D:3      | Reached XP level 6. HP: 45/45 MP: 6/9
  3231 | D:3      | Found a glowing golden altar of the Shining One.
  3566 | D:4      | Found a shadowy altar of Dithmenos.
  3667 | D:4      | Found a blossoming altar of Fedhas.
  4081 | D:4      | Found a basalt altar of Yredelemnul.
  4270 | D:5      | Entered Level 5 of the Dungeon
  4360 | D:5      | Your scales start taking on a fiery red colour.
  4360 | D:5      | Reached XP level 7. HP: 50/50 MP: 2/10
  4360 | D:5      | Gained mutation: Your flesh is heat resistant. (rF+) [Red
                  | Draconian growth]
  4823 | D:5      | Learned a level 4 spell: Iskenderun's Mystic Blast
  5714 | D:6      | Found Qaggoy's Distillery.
  5760 | D:6      | Noticed Prince Ribbit
  5780 | D:6      | Killed Prince Ribbit
  5781 | D:6      | Reached XP level 8. HP: 26/57 MP: 1/14
  5953 | D:6      | Reached skill level 5 in Spellcasting
  6051 | D:6      | Noticed Eustachio
  6056 | D:6      | Killed Eustachio
  7192 | D:7      | Found a staircase to the Ecumenical Temple.
  7279 | D:7      | Reached XP level 9. HP: 62/62 MP: 16/20
  7284 | Temple   | Entered the Ecumenical Temple
  7320 | Temple   | Became a worshipper of Vehumet
  7872 | D:7      | Found Daanau's Firing Range.
  7995 | D:8      | Reached skill level 5 in Dodging
  8524 | D:8      | Found a shimmering altar of Xom.
  8528 | D:8      | Found a shimmering altar of Xom.
  8528 | D:8      | Found a shimmering altar of Xom.
  8528 | D:8      | Found a shimmering altar of Xom.
  8529 | D:8      | Found a shimmering altar of Xom.
  8532 | D:8      | Found a shimmering altar of Xom.
  8532 | D:8      | Found a shimmering altar of Xom.
  8554 | D:8      | Identified the +1 leather armour of the Peculiar Tales
                  | {Int+3 SInv}
  8714 | D:8      | Noticed a troll
  8722 | D:8      | Killed a troll
  9014 | D:8      | Noticed Psyche
  9018 | D:8      | Killed Psyche
  9217 | D:9      | Noticed Joseph
  9221 | D:9      | Killed Joseph
  9292 | D:9      | Noticed a tengu warrior
  9294 | D:9      | Noticed a tengu conjurer
  9357 | D:9      | Found a staircase to the Lair.
  9357 | D:9      | Found a hazy altar of Hepliaklqana.
  9376 | D:9      | Reached skill level 1 in Fighting
  9376 | D:9      | Reached XP level 10. HP: 56/71 MP: 0/21
  9977 | D:9      | Noticed Amaemon
  9986 | D:9      | Noticed an orange demon
  9989 | D:9      | Killed Amaemon
 10173 | D:9      | Killed an orange demon
 10174 | D:9      | Reached skill level 5 in Fighting
 10291 | D:9      | Noticed Erolcha
 10394 | D:9      | Killed Erolcha
 10693 | Lair:1   | Entered Level 1 of the Lair of Beasts
 10835 | Lair:1   | Reached * piety under Vehumet
 10835 | Lair:1   | Offered knowledge of Kiss of Death by Vehumet.
 11238 | Lair:1   | Noticed a cane toad
 11243 | Lair:1   | Noticed a six-headed hydra
 11255 | Lair:1   | Killed a cane toad
 11256 | Lair:1   | Reached skill level 10 in Fighting
 11256 | Lair:1   | Reached XP level 11. HP: 86/99 MP: 13/22
 11266 | Lair:1   | Killed a six-headed hydra
 11770 | Lair:1   | Noticed Gastronok
 11784 | Lair:1   | Killed Gastronok
 11992 | Lair:1   | Noticed a lindwurm
 12005 | Lair:1   | Killed a lindwurm
 12476 | Lair:2   | Reached skill level 10 in Conjurations
 12836 | Lair:2   | Offered knowledge of Momentum Strike by Vehumet.
 12878 | Lair:2   | Reached ** piety under Vehumet
 13008 | Lair:2   | Noticed a skyshark
 13459 | Lair:2   | Reached XP level 12. HP: 90/112 MP: 14/23
 13705 | Lair:2   | Offered knowledge of Inner Flame by Vehumet.
 13889 | Lair:2   | Reached *** piety under Vehumet
 14987 | Lair:2   | Found a staircase to the Snake Pit.
 15190 | Lair:2   | Noticed a death yak
 15199 | Lair:2   | Noticed a death yak
 15211 | Lair:2   | Killed a death yak
 15247 | Lair:1   | Killed a death yak
 15634 | Lair:2   | Offered knowledge of Flame Wave by Vehumet.
 15753 | Lair:2   | Learned a level 4 spell: Flame Wave
 15816 | Lair:3   | Reached skill level 1 in Fire Magic
 15817 | Lair:3   | Reached skill level 2 in Fire Magic
 15819 | Lair:3   | Reached skill level 3 in Fire Magic
 15966 | Lair:3   | Reached skill level 4 in Fire Magic
 16106 | Lair:3   | Noticed a catoblepas
 16126 | Lair:3   | Reached skill level 5 in Fire Magic
 16126 | Lair:3   | Killed a catoblepas
 16127 | Lair:3   | Reached skill level 6 in Fire Magic
 16418 | Lair:3   | Reached skill level 7 in Fire Magic
 16672 | Lair:3   | Found a staircase to the Swamp.
 16855 | Lair:3   | Reached **** piety under Vehumet
 16951 | Lair:3   | Offered knowledge of Sticky Flame by Vehumet.
 16963 | Lair:3   | Reached skill level 8 in Fire Magic
 16984 | Lair:3   | Noticed a death yak
 16999 | Lair:3   | Killed a death yak
 17320 | Lair:3   | Reached XP level 13. HP: 107/118 MP: 15/24
 17403 | Lair:3   | Reached skill level 9 in Fire Magic
 17924 | Lair:4   | Learned a level 4 spell: Sticky Flame
 18002 | Lair:4   | Reached skill level 10 in Fire Magic
 18147 | Lair:4   | Found a staircase to the Slime Pits.
 18572 | Lair:4   | Reached ***** piety under Vehumet
 18940 | Lair:4   | Offered knowledge of Plasma Beam by Vehumet.
 19277 | Lair:4   | Learned a level 6 spell: Plasma Beam
 19387 | Lair:5   | Entered Level 5 of the Lair of Beasts
 19551 | Lair:5   | Reached skill level 15 in Conjurations
 19725 | Lair:5   | Reached skill level 1 in Air Magic
 19982 | Lair:5   | Reached skill level 5 in Air Magic
 20949 | Lair:5   | Offered knowledge of Conjure Ball Lightning by Vehumet.
 21280 | Lair:5   | Reached XP level 14. HP: 123/126 MP: 25/25
 21381 | Lair:5   | Identified the staff "Xeggees" {rElec rF+ Fire}
 21655 | Lair:5   | Reached skill level 11 in Fire Magic
 22048 | D:9      | Identified the +3 mace of the Riding Visionary {venom, rF-
                  | rN+++ Str-4 Stlth+}
 22052 | D:9      | Reached skill level 1 in Staves
 22154 | D:9      | Reached skill level 1 in Shields
 22454 | D:9      | Found a runed translucent door.
 22494 | D:9      | Identified the amulet "Xirghipa" {Acrobat Will- Str+5}
 22519 | D:9      | Found a runed translucent door.
 22519 | D:9      | Found a runed translucent door.
 22551 | D:10     | Entered Level 10 of the Dungeon
 22571 | D:10     | Found Miociof's Assorted Antiques.
 22684 | D:10     | Identified the +2 arbalest of Magnificence {elec, Int+2}
 22744 | D:10     | Found a staircase to the Orcish Mines.
 22784 | D:10     | Identified a scroll of acquirement
 22785 | D:10     | Acquired a +6 ring of intelligence
 23525 | D:11     | Reached skill level 5 in Shields
 23697 | D:11     | Noticed Nergalle
 23698 | D:11     | Killed Nergalle
 23748 | D:11     | Noticed Urug
 23751 | D:11     | Killed Urug
 24147 | D:11     | Reached skill level 5 in Staves
 24570 | D:12     | Offered knowledge of Iskenderun's Battlesphere by Vehumet.
 24622 | D:12     | Learned a level 5 spell: Iskenderun's Battlesphere
 25332 | D:13     | Noticed Sonja
 25335 | D:13     | Killed Sonja
 25456 | D:13     | Noticed Snorg
 25473 | D:13     | Killed Snorg
 25668 | D:13     | Reached skill level 12 in Fire Magic
 25766 | D:13     | Noticed Josephine
 25773 | D:13     | Killed Josephine
 26017 | D:13     | Noticed Nessos
 26018 | D:13     | Noticed an ironbound preserver
 26024 | D:13     | Killed Nessos
 26025 | D:13     | Reached XP level 15. HP: 99/132 MP: 2/26
 26150 | D:13     | Found a gate to the Vaults.
 26181 | D:13     | Found a portal to a secret trove of treasure.
 26448 | D:14     | Found a broken altar of Ashenzari.
 26595 | D:14     | Found a gate leading to a gauntlet.
 26604 | Gauntlet | Entered a Gauntlet
 26604 | Gauntlet | Found a transporter.
 26604 | Gauntlet | Found a transporter.
 26605 | Gauntlet | Found a transporter.
 26605 | Gauntlet | Found a transporter.
 26608 | Gauntlet | Found a transporter.
 26620 | Gauntlet | Found a transporter.
 26684 | Gauntlet | Found a transporter.
 26694 | Gauntlet | Found a transporter.
 26709 | Gauntlet | Found a transporter.
 26719 | Gauntlet | Found a transporter.
 26734 | Gauntlet | Found a transporter.
 26740 | Gauntlet | Found a transporter.
 26904 | Gauntlet | Identified the +0 pair of gloves of Luero {Dex+3}
 27204 | D:14     | Offered knowledge of Fireball by Vehumet.
 27659 | D:15     | Entered Level 15 of the Dungeon
 27827 | D:15     | Found a staircase to the Depths.
 27868 | D:15     | Reached skill level 10 in Shields
 28209 | D:15     | Found Heumer's Changing Room.
 28777 | Snake:1  | Entered Level 1 of the Snake Pit
 28846 | Snake:1  | Found Cecelucu's Magic Scroll Boutique.
 28903 | Snake:1  | Reached skill level 13 in Fire Magic
 29158 | Orc:1    | Entered Level 1 of the Orcish Mines
 29320 | Orc:2    | Entered Level 2 of the Orcish Mines
 29571 | Orc:2    | Offered knowledge of Arcjolt by Vehumet.
 29604 | Orc:2    | Reached skill level 14 in Fire Magic
 29623 | Orc:2    | Found Nidasoun's General Store.
 29623 | Orc:2    | Found Nymoko's Weapon Shoppe.
 29794 | Orc:2    | Found Joneg's Distillery.
 29794 | Orc:2    | Found Tuonoixu's Weapon Shoppe.
 30092 | Orc:2    | Found a staircase to the Elven Halls.
 30118 | Orc:2    | Found a shimmering blue altar of Sif Muna.
 30320 | Orc:1    | Found a runed translucent door.
 30327 | Orc:1    | Noticed Uzxa Qoas's ghost (journeyman DEEE)
 30355 | Orc:1    | Offered knowledge of Spellforged Servitor by Vehumet.
 31038 | Snake:1  | Reached XP level 16. HP: 139/139 MP: 17/28
 31254 | Snake:1  | Found Giseroj's Weapon Emporium.
 31351 | Snake:1  | Found Xypt's Book Emporium.
 31887 | Snake:1  | Learned a level 7 spell: Spellforged Servitor
 32036 | Snake:1  | Found an iron altar of Okawaru.
 32407 | Snake:2  | Reached skill level 10 in Spellcasting
 32932 | Snake:2  | Identified the +2 dagger "Raahiaza" {pain, rCorr Str+4}
 33072 | Snake:2  | Found Coadu's Armour Emporium.
 33076 | Snake:2  | Found Peynt's General Store.
 33077 | Snake:2  | Found Faomohif's Distillery.
 33762 | Snake:3  | Reached ****** piety under Vehumet
 33762 | Snake:3  | Offered knowledge of Leda's Unmaking by Vehumet.
 34050 | Snake:3  | Noticed Roxanne
 34771 | Snake:4  | Entered Level 4 of the Snake Pit
 34781 | Snake:4  | Reached skill level 1 in Summonings
 34838 | Snake:4  | Noticed Mlioglotl
 34864 | Snake:4  | Noticed a tentacled starspawn
 34865 | Snake:4  | Killed Mlioglotl
 34908 | Snake:4  | Reached XP level 17. HP: 146/146 MP: 5/34
 35021 | Snake:4  | Reached skill level 5 in Summonings
 35254 | Snake:4  | Offered knowledge of Fire Storm by Vehumet.
 35254 | Snake:4  | Offered knowledge of Ignition by Vehumet.
 35254 | Snake:4  | Offered knowledge of Maxwell's Capacitive Coupling by
                  | Vehumet.
 35268 | Snake:3  | Learned a level 8 spell: Ignition
 35522 | Snake:4  | Reached skill level 15 in Fire Magic
 35841 | Snake:4  | Noticed Vashnia
 35988 | Snake:4  | Killed Vashnia
 35989 | Snake:4  | Reached skill level 16 in Fire Magic
 36380 | Snake:4  | Found Pimigade's General Store.
 36852 | Snake:4  | Got a serpentine rune of Zot
 37049 | Swamp:1  | Entered Level 1 of the Swamp
 37071 | Swamp:1  | Reached skill level 17 in Fire Magic
 37413 | Swamp:1  | Found a runed translucent gate.
 37413 | Swamp:1  | Found a runed translucent gate.
 37413 | Swamp:1  | Found a runed translucent gate.
 37415 | Swamp:1  | Noticed popps's ghost (adept MiBe)
 37415 | Swamp:1  | Noticed Zoigrime's ghost (adept FoFi)
 37416 | Swamp:1  | Noticed Foxy's ghost (adept GrFi)
 37416 | Swamp:1  | Noticed xzight's ghost (adept MiBe)
 37453 | Swamp:1  | Slain by a spriggan rider

Illustrated notes

Levels and vault maps discovered:
D:1:      doesnt_arrival_eight_statues, layout_basic,
          dreamdust_ecumenical_altar_sealed_demon, st_stairs_14,
          corexii_item_surrounded_by_moat, minmay_tiny_reverse_x
D:2:      layout_basic, uniq_sigmund
D:3:      layout_basic, lemuel_round_altar, mainiacjoe_overflow_swirl,
          hellmonk_ghost_happy_afterlife
D:4:      layout_rooms, mainiacjoe_overflow_cross_hatched,
          mainiacjoe_overflow_small_starburst, mainiacjoe_overflow_alcove_2
D:5:      layout_layer_cave, hangedman_abyss_or_decor_stagger,
          minmay_misc_feat_four_crosses
D:6:      corexii_shantytown, layout_rooms, serial_shops,
          nicolae_shop_temple_entry_statues_fountains, uniq_prince_ribbit1,
          uniq_eustachio
D:7:      layout_gridville, minmay_temple_entry_mist, nicolae_shop_firing_range
D:8:      layout_cave_pods, nicolae_xom_altar_mimics, uniq_psyche
D:9:      minmay_the_grid_triangle_9x9_recursive_2
          [minmay_the_grid_triangle_9x9_prize_center,
          minmay_the_grid_triangle_9x9_subtriangle,
          minmay_the_grid_triangle_9x9_tough_junction,
          minmay_the_grid_triangle_9x9_checkered], layout_cave_pools,
          mainiacjoe_overflow_alcove_1, uniq_amaemon, uniq_joseph, uniq_erolcha
D:10:     layout_stronghold, orc_0_dummy, serial_shops, shop,
          nicolae_where_there's_smoke
D:11:     layout_roguey, st_stairs_4, kennysheep_small_circle, uniq_urug,
          uniq_nergalle
D:12:     layout_loops_ring, minmay_fractal_squares_5
D:13:     layout_small_grid, skrybe_vaults_entry_preservation, enter_trove_5,
          uniq_josephine, uniq_sonja, uniq_snorg, uniq_nessos
D:14:     layout_loops_cross, evilmike_ruin_ashenzari, gauntlet_entry_generic
D:15:     hangedman_depths_entry_civil_slaughter, layout_basic, serial_curves,
          eino_curves_03, eino_curves_01, eino_curves_03,
          hangedman_decor_diamond_cutter, nicolae_transmutations_shop,
          hangedman_abyss_or_decor_clamps, nicolae_twisty_statue_hallways
Temple:   nicolae_temple_superstar
Lair:1:   layout_misc_corridors, nicolae_volcano_entry_vermiform,
          infiniplex_staircase_pool_2, grunt_megastairs_4, uniq_gastronok
Lair:2:   lemuel_ratsnest, layout_chaotic_city,
          minmay_snake_entry_six_corridors, grunt_megastairs_5
Lair:3:   lemuel_reptile_caves, layout_gridlike, swamp_mist_pool
Lair:4:   layout_cave_pods, dpeg_slime_entry_enclosed,
          nicolae_quartered_pool_impasse
Lair:5:   minmay_lair_end_enchanted_forest, layout_gridlike
Swamp:1:  nicolae_swamp_long_stream, layout_basic_swamp,
          gammafunk_ghost_cemetery, evilmike_swamp_ruin_house_2, swamp_pool5,
          infiniplex_staircase_pool
Snake:1:  layout_basic, serial_shops, nicolae_shop_getting_attention,
          nicolae_shop_competitors_out_of_business, shop, basic_altar,
          nicolae_snake_coiling_death
Snake:2:  layout_rooms, minmay_shop_star
Snake:3:  layout_misc_corridors, grunt_megastairs_3, uniq_roxanne
Snake:4:  grunt_snake_rune_serpentine_throne, layout_misc_corridors,
          serial_shops, shop, nicolae_snake_lava_pool, uniq_vashnia,
          uniq_mlioglotl
Orc:1:    layout_caves, ebering_ghost_inner_flame
Orc:2:    st_orc_town, layout_diamond_mine, kennysheep_orc_sif_temple

Skill      XL: |  1  2  3  4  5  6  7  8  9 10 11 12 13 14 15 16 17 |
---------------+----------------------------------------------------+-----
Conjurations   | 5 6 7 8 9 12 14 15 | 15.3
Spellcasting   | 4 7 8 13 | 13.2
Dodging        | 3 8 |  8.4
Fighting       | 1 10 12 | 12.1
Fire Magic     | 8 10 12 14 17 | 17.3
Air Magic      | 8 |  8.0
Staves         | 8 |  8.2
Shields        | 6 10 | 10.1
Summonings     | 4 7 |  7.5
Stealth        | |  1.7

Action                     |  1- 3 |  4- 6 |  7- 9 | 10-12 | 13-15 | 16-18 || total
---------------------------+-------+-------+-------+-------+-------+-------++-------
  Melee: Unarmed           |    20 |       |       |       |       |       ||    20
         Tailslap          |     5 |     3 |       |    23 |    16 |     5 ||    52
         War axe           |       |     3 |       |       |       |       ||     3
         Rapier            |       |    17 |     3 |       |       |       ||    20
         Whip              |       |       |    10 |       |       |       ||    10
         Spear             |       |       |       |   150 |    32 |       ||   182
         Punch             |       |       |       |       |     1 |       ||     1
         Staff             |       |       |       |       |    49 |    29 ||    78
   Cast: Magic Dart        |    57 |    64 |   145 |   162 |   373 |   103 ||   904
         Searing Ray       |     1 |     8 |    32 |    96 |    93 |    19 ||   249
         Iskenderun's Myst |       |       |     4 |    37 |   100 |    56 ||   197
         Flame Wave        |       |       |       |    13 |    12 |     1 ||    26
         Sticky Flame      |       |       |       |       |    58 |     4 ||    62
         Plasma Beam       |       |       |       |       |   116 |   179 ||   295
         Iskenderun's Batt |       |       |       |       |    50 |    37 ||    87
         Ignition          |       |       |       |       |       |    10 ||    10
Ability: Breathe Fire      |       |       |    25 |    40 |    53 |     4 ||   122
  Evoke: Wand              |       |       |       |     3 |     4 |     3 ||    10
    Use: Potion            |       |       |       |     3 |     1 |     1 ||     5
         Scroll            |       |       |       |    11 |    14 |     3 ||    28
   Stab: Sleeping          |       |       |       |     1 |       |       ||     1
 Armour: Skin              |    16 |    18 |    58 |   334 |   293 |   171 ||   890
  Dodge: Dodged            |    13 |    34 |    51 |   258 |   263 |    93 ||   712
         Repelled          |       |       |       |       |     5 |    10 ||    15
  Block: Buckler           |       |       |       |       |    28 |       ||    28
         Kite shield       |       |       |       |       |    31 |   110 ||   141

Table legend: (Time is in decaauts)
 A = Elapsed time spent in this place.
 B = Non-inter-level travel time spent in this place.
 C = Inter-level travel time spent in this place.
 D = Time resting spent in this place.
 E = Time spent auto-exploring this place.
 F = Levels seen in this place.
 G = Mean time per level.
                   A        B        C        D        E       F      G
               +--------+--------+--------+--------+--------+-----+--------+
         Total |  37622 |  35781 |   1841 |   3822 |  26376 |  29 | 1297.3 |
       Dungeon |  17180 |  16255 |    925 |   1176 |  13005 |  15 | 1145.3 |
        Temple |     55 |     14 |     41 |      0 |     13 |   1 |   55.0 |
          Lair |  11689 |  11162 |    527 |   1403 |   7823 |   5 | 2337.8 |
         Swamp |    411 |    411 |      0 |    144 |    186 |   1 |  411.0 |
     Snake Pit |   6405 |   6155 |    250 |   1088 |   4041 |   4 | 1601.2 |
  Orcish Mines |   1518 |   1423 |     95 |     11 |   1099 |   2 |  759.0 |
      Gauntlet |    363 |    363 |      0 |      0 |    208 |   1 |  363.0 |
               +--------+--------+--------+--------+--------+-----+--------+

Top non-repeatable levels by time:
  Lair:2: 3237 daAuts
  Lair:1: 2378 daAuts
 Snake:3: 2278 daAuts
  Lair:4: 2109 daAuts
 Snake:1: 2105 daAuts
  Lair:3: 2083 daAuts
  Lair:5: 1880 daAuts
     D:8: 1723 daAuts
     D:9: 1709 daAuts
     D:5: 1414 daAuts
     D:6: 1383 daAuts
 Snake:4: 1338 daAuts
     D:1: 1335 daAuts
     D:3: 1090 daAuts
    D:13: 1080 daAuts
